 Dungeon Crawl Stone Soup version 0.27.0-1-g7a089689b8 (webtiles) character file.

Game seed: 8691389122235328249

50 sasquatch the Sneak (level 3, 0/27 HPs)
             Began as a Demonspawn Brigand on Aug 2, 2021.
             Was a Follower of Okawaru.
             Slain by an orc (1 damage)
             ... on level 3 of the Dungeon.
             The game lasted 00:03:59 (2478 turns).

sasquatch the Sneak (Demonspawn Brigand)            Turns: 2478, Time: 00:03:59

Health: 0/27       AC:  3    Str: 11    XL:     3   Next: 55%
Magic:  3/3        EV: 11    Int: 12    God:    Okawaru [*.....]
Gold:   142        SH:  0    Dex: 15    Spells: 2/2 levels left

rFire    . . .     SeeInvis .   a - +2 dagger
rCold    . . .     Faith    +   (no shield)
rNeg     . . .     Spirit   .   b - +0 robe
rPois    .         Reflect  .   (no helmet)
rElec    .         Harm     .   c - +0 cloak
rCorr    .         Rampage  .   (no gloves)
Will     .....                  (no boots)
Stlth    ++........             h - amulet of faith
HPRegen  0.09/turn              (no ring)
MPRegen  0.08/turn              (no ring)

@: no status effects
A: claws 2
a: Renounce Religion, Heroism


You were on level 3 of the Dungeon.
You worshipped Okawaru.
Okawaru was aware of your devotion.
You visited 1 branch of the dungeon, and saw 3 of its levels.

You collected 142 gold pieces.

Inventory:

Hand Weapons
 a - a +2 dagger (weapon)
Missiles
 e - 2 curare-tipped darts
 l - 7 poisoned darts (quivered)
Armour
 b - a +0 robe (worn)
 c - a +0 cloak (worn)
Jewellery
 h - an amulet of faith (around neck)
Wands
 j - a wand of iceblast (10)
 m - a wand of charming (7)
Scrolls
 f - 3 scrolls of identify {unknown}
 g - 2 scrolls of amnesia {unknown}
 n - a scroll of enchant weapon {unknown}
Potions
 d - a potion of heal wounds {unknown}
 i - a potion of attraction {unknown}
 k - a potion of flight {unknown}


   Skills:
 - Level 2.0 Fighting
 + Level 3.6 Short Blades
 - Level 1.7 Throwing
 - Level 0.8 Dodging
 - Level 3.6 Stealth


You had 2 spell levels left.
You didn't know any spells.
Your spell library contained the following spells:

 Spells                   Type           Power      Damage    Failure   Level
 Dazzling Flash           Conj/Hex       0%         N/A       69%         3
 Agony                    Necr           0%         N/A       100%        5
 Silence                  Hex/Air        0%         N/A       100%        5


Dungeon Overview and Level Annotations

Branches:
Dungeon (3/15)

Altars:
Okawaru

Shops:
D:2 *:[


Innate Abilities, Weirdness & Mutations

You have very sharp fingernails.


Message History

The orc closely misses you.
You hit the orc.
The orc is heavily wounded.
The orc priest calls upon Beogh to heal the orc.
The orc's wounds heal themselves!
The orc hits you with a +0 club. The orc hits you with a +0 hand axe.
You hit the orc.
The orc is heavily wounded.
The orc priest calls upon Beogh to heal the orc.
The orc's wounds heal themselves!
The orc closely misses you.
You hit the orc.
The orc is severely wounded.
The orc hits you with a +0 hand axe.
The orc priest calls upon Beogh to heal the orc.
The orc's wounds heal themselves!
The orc closely misses you.
You hit the orc.
The orc is heavily wounded.
The orc misses you.
You hit the orc.
The orc is almost dead.
The orc hits you but does no damage. The orc completely misses you.
You barely miss the orc.
The orc is almost dead.
The orc barely misses you. x2
You hit the orc.
You kill the orc!
Okawaru accepts your kill. The orc hits you but does no damage.
You hit the orc but do no damage. The orc hits you with a +0 short sword.
The orc hits you with a +0 club.
* * * LOW HITPOINT WARNING * * *
You hit the orc.
The orc is moderately wounded.
The orc hits you with a +0 short sword.
* * * LOW HITPOINT WARNING * * *
The orc barely misses you.
You hit the orc.
The orc is severely wounded.
The orc hits you with a +0 short sword.
You die...

##### ######..^ ##
#...##.# ..#
########...#..####...#
.†..............@oo..+
########...####o##.).#
#..........# ..#
########...# .# ....'
# .#...#. ......#.. ..
#...# ..


You could see an orc priest and 2 orcs.

Vanquished Creatures
  A worm (D:2)
  2 dart slugs
  4 orcs (D:3)
  A ball python (D:1)
  2 endoplasms (D:2)
  2 giant cockroaches (D:1)
  2 goblins
  8 hobgoblins
  A quokka (D:2)
  4 bats
  5 frilled lizards
  2 kobolds (D:1)
  A rat (D:1)
35 creatures vanquished.

Notes
Turn   | Place    | Note
-------+----------+-------------------------------------------
     0 | D:1      | sasquatch the Demonspawn Brigand began the quest for the
                  | Orb.
     0 | D:1      | Reached XP level 1. HP: 16/16 MP: 1/1
   104 | D:1      | Found a faded altar of an unknown god.
   351 | D:1      | Gained mutation: You have sharp fingernails. [demonic
                  | ancestry]
   351 | D:1      | Reached XP level 2. HP: 22/22 MP: 2/2
   926 | D:1      | Became a worshipper of Warmaster Okawaru
   926 | D:1      | Reached * piety under Okawaru
   992 | D:2      | Found Kacusiti's Book Shoppe.
  1006 | D:2      | Found Wyekeitz's Assorted Antiques.
  1299 | D:2      | Found Gosmaler's Armour Shop.
  1374 | D:2      | Gained mutation: You have very sharp fingernails. [demonic
                  | ancestry]
  1374 | D:2      | Reached XP level 3. HP: 6/27 MP: 3/3
  2477 | D:3      | HP: 1/27 [orc (4)]
  2478 | D:3      | Slain by an orc

Illustrated notes

Levels and vault maps discovered:
D:1:      tarquinn_simple_flora_water_f, layout_basic,
          shapermc_ecumenical_altar_acropolis
D:2:      layout_basic, serial_shops, nicolae_shop_waterfront, shop, shop_statue
D:3:      layout_basic, lemuel_coloured_pillars_altar, portal_sewer_entry_e,
          ebering_dispersal_statue_hall, grunt_decor_resistance

Skill      XL: |  1  2 |
---------------+-------+-----
Short Blades   | 2 3 |  3.6
Fighting       | |  2.0
Throwing       | |  1.7
Dodging        | |  0.8
Stealth        | |  3.6

Action                   || total
-------------------------++-------
Melee: Dagger            ||   126
Throw: Dart              ||     8
 Stab: Sleeping          ||     7
Armor: Robe              ||    27
Dodge: Dodged            ||    43
